 Dungeon Crawl Stone Soup version 0.26.1-11-gd32895ea62 (webtiles) character file.

Game seed: 5711652372950225729

2469 jlumianski the Magician (level 9, -11/70 HPs)
             Began as a Gnoll Warper on July 16, 2021.
             Mangled by an orc warrior
             ... wielding a +0 battleaxe
              (15 damage)
             ... in a bailey.
             The game lasted 00:45:20 (7987 turns).

jlumianski the Magician (Gnoll Warper)              Turns: 7987, Time: 00:45:21

Health: -11/70     AC:  4    Str: 14    XL:     9   Next: 51%
Magic:  10/19      EV: 18    Int: 19    God:
Gold:   383        SH:  5    Dex: 14    Spells: 16/21 levels left

rFire    . . .     SeeInvis +   x - +1 war axe
rCold    . . .     Faith    .   (no shield)
rNeg     + + .     Spirit   .   L - +1 ring mail of Dishonour {*Corrode rN++ SInv Stlth+}
rPois    .         Reflect  +   (no helmet)
rElec    .         Harm     .   (no cloak)
rCorr    .         Rampage  .   (no gloves)
Will     .....                  G - +0 pair of boots
Stlth    +++.......             l - amulet of reflection
HPRegen  0.21/turn              w - +4 ring of evasion
MPRegen  0.16/turn              (no ring)

@: corroded
A: distributed training, fangs 1, strong nose
a: no special abilities


You were in a bailey.
You visited 1 branch of the dungeon, and saw 7 of its levels.
You also visited: Bailey.

You collected 383 gold pieces.

Inventory:

Hand Weapons
 x - a +1 war axe (weapon)
 Q - a cursed +4 trident of freezing
Missiles
 c - 299 stones
 e - 4 boomerangs of dispersal
 h - 80 arrows
 o - 2 throwing nets
 q - 45 bolts
 y - 30 poisoned darts (quivered)
 D - 45 sling bullets
 E - 32 boomerangs
Armour
 b - a +0 leather armour
 g - a +0 ring mail
 G - a +0 pair of boots (worn)
 L - the +1 ring mail of Dishonour (worn) {*Corrode rN++ SInv Stlth+}
   (You found it on level 6 of the Dungeon)

   It greatly protects you from negative energy.
   It lets you see invisible.
   It may corrode you when you take damage.
   It makes you more stealthy.
 M - the cursed +0 plate armour of Wisdom {rC- rCorr Int-2 SInv, unknown}
   (You found it on level 6 of the Dungeon)

   It affects your intelligence (-2).
   It makes you vulnerable to cold.
   It lets you see invisible.
   It provides partial protection from all sources of acid and corrosion.
   It has a curse placed upon it.
Jewellery
 l - an amulet of reflection (around neck)
 p - an uncursed amulet of the acrobat
 w - a +4 ring of evasion (left hand)
Wands
 F - a wand of digging (5)
 K - a wand of paralysis (14)
 R - a wand of iceblast (11)
 S - a wand of acid (10)
Scrolls
 d - 2 scrolls of blinking
 j - 4 scrolls of remove curse {unknown}
 m - 2 scrolls of teleportation
 n - 4 scrolls of enchant weapon
 r - a scroll of amnesia {unknown}
 t - 2 scrolls of immolation {unknown}
 B - 2 scrolls of identify
 H - a scroll of fog {unknown}
 J - a scroll of vulnerability {unknown}
 N - a scroll of fear {unknown}
 P - a scroll of random uselessness {unknown}
Potions
 a - 2 potions of flight
 f - 2 potions of might
 i - 2 potions of lignification {unknown}
 k - a potion of resistance {unknown}
 s - 2 potions of curing
 u - 2 potions of brilliance
 v - a potion of experience {unknown}
 z - a potion of attraction {unknown}
 A - a potion of berserk rage {unknown}
 C - a potion of magic {unknown}
 I - a potion of degeneration {unknown}
 O - a potion of heal wounds {unknown}


   Skills:
 + Level 6.3 Fighting
 + Level 4.3 Short Blades
 + Level 4.3 Long Blades
 + Level 6.3 Axes
 + Level 4.3 Maces & Flails
 + Level 4.3 Polearms
 + Level 4.3 Staves
 + Level 4.3 Slings
 + Level 4.3 Bows
 + Level 4.3 Crossbows
 + Level 5.1 Throwing
 + Level 5.1 Armour
 + Level 6.3 Dodging
 + Level 4.3 Stealth
 + Level 4.3 Shields
 + Level 4.3 Unarmed Combat
 + Level 6.7 Spellcasting
 + Level 3.5 Conjurations
 + Level 3.5 Hexes
 + Level 3.5 Summonings
 + Level 3.5 Necromancy
 + Level 6.6 Translocations
 + Level 3.5 Transmutations
 + Level 3.5 Fire Magic
 + Level 3.5 Ice Magic
 + Level 3.5 Air Magic
 + Level 3.5 Earth Magic
 + Level 3.5 Poison Magic
 + Level 4.7 Invocations
 + Level 4.3 Evocations


You had 16 spell levels left.
You knew the following spells:

 Your Spells              Type           Power        Failure   Level
a - Blink                 Tloc           N/A          1%          2
b - Gell's Gravitas       Tloc           15%          4%          3

Your spell library contained the following spells:

 Spells                   Type           Power        Failure   Level
 Apportation              Tloc           62%          1%          1
 Animate Skeleton         Necr           38%          4%          1
 Corona                   Hex            21%          4%          1
 Freeze                   Ice            76%          4%          1
 Summon Small Mammal      Summ           76%          4%          1
 Lesser Beckoning         Tloc           15%          4%          3
 Teleport Other           Tloc           31%          4%          3
 Passage of Golubria      Tloc           N/A          13%         4
 Frozen Ramparts          Ice            38%          14%         3
 Ozocubu's Armour         Ice            19%          14%         3
 Hailstorm                Conj/Ice       19%          43%         4
 Summon Ice Beast         Ice/Summ       19%          43%         4


Dungeon Overview and Level Annotations

Branches:
Dungeon (7/15)             Bailey (1/1)
 Temple: D:4-7

Altars:
The Shining One


Innate Abilities, Weirdness & Mutations

Your experience applies equally to all skills.
You have very sharp teeth.
Your uncanny sense of smell can sniff out nearby items.


Message History

The orc warrior barely misses you. The orc warrior completely misses you.
The orc warrior barely misses you.
Casting: Gell's Gravitas (dangerous; 4% risk of failure)
Confirm with . or Enter, or press ? or * to list all spells.
Aiming: Gell's Gravitas (dangerous; 4% risk of failure)
Press: ? - help, Dir - move target, f - orc warrior, p - orc warrior
Aim: an orc warrior, wielding a +0 battleaxe and wearing a +0 plate armour (moderately wounded) Gravity reorients around the orc warrior.
The orc warrior collides with the orc warrior! x2
The kobold collides with the orc warrior!
You kill the kobold!
The orc warrior hits you with a +0 battleaxe!!
* * * LOW HITPOINT WARNING * * *
Your corrosive artefact corrodes you!
The orc warrior barely misses you.
The orc warrior shouts!
You feel better.
The orc warrior hits you with a +0 war axe.
* * * LOW HITPOINT WARNING * * *
The orc warrior hits you with a +0 battleaxe!
You die...

#############.#
####...@oK..(.....
##.....)oo...######
##.........#'##
#.....⌠....#..# ∆
##.......#'#..#
######...)÷#.#.K####o#
≈≈≈≈#..).÷)###....ogK.
≈≈≈≈≈≈≈≈......#(.####g####
.#
###≈≈≈≈≈≈≈≈≈≈)####...gg..#
##


You could see 3 orc warriors and a kobold.

Vanquished Creatures
  Sigmund (D:2)
  3 orc warriors (Bailey)
  2 ice beasts
  A phantom (D:3)
  A centaur (D:7)
  An ogre (D:5)
  A bullfrog (D:6)
  A scorpion (D:5)
  A wyvern skeleton (D:6)
  A howler monkey (D:4)
  12 wights
  A quasit (D:5)
  2 hounds
  2 orc priests
  2 bullfrog skeletons (D:4)
  A centaur skeleton (D:4)
  An orc wizard (D:4)
  Jessica (D:2)
  3 iguanas
  Natasha (D:1)
  8 worker ants
  A worker ant zombie (D:5)
  3 gnolls (D:5)
  A howler monkey skeleton (D:6)
  9 adders
  2 shadow imps
  A white imp (D:6)
  An ooze (D:1)
  An adder zombie (D:5)
  2 adder skeletons
  5 worms
  2 dart slugs
  A leopard gecko (D:5)
  6 orcs
  10 giant cockroaches
  13 goblins
  18 hobgoblins
  4 jackals (D:2)
  3 quokkas
  3 ball pythons
  6 bats
  6 frilled lizards
  18 kobolds
  4 rats
167 creatures vanquished.

Vanquished Creatures (others)
  11 plants (D:5)
11 creatures vanquished.

Grand Total: 178 creatures vanquished

Notes
Turn   | Place    | Note
-------+----------+-------------------------------------------
     0 | D:1      | jlumianski the Gnoll Warper began the quest for the Orb.
     0 | D:1      | Reached XP level 1. HP: 20/20 MP: 6/6
   143 | D:1      | Reached XP level 2. HP: 23/26 MP: 7/7
   146 | D:1      | Learned a level 2 spell: Blink
   917 | D:1      | Reached XP level 3. HP: 30/31 MP: 9/9
   921 | D:1      | Learned a level 3 spell: Gell's Gravitas
   934 | D:1      | Reached skill level 5 in Spellcasting
   991 | D:2      | Noticed Sigmund
  1011 | D:1      | Reached skill level 1 in Invocations
  1060 | D:2      | Noticed Natasha
  1173 | D:1      | Killed Natasha
  1174 | D:1      | Reached skill level 1 in Short Blades
  1174 | D:1      | Reached skill level 1 in Long Blades
  1174 | D:1      | Reached skill level 1 in Maces & Flails
  1174 | D:1      | Reached skill level 1 in Polearms
  1174 | D:1      | Reached skill level 1 in Staves
  1174 | D:1      | Reached skill level 1 in Slings
  1174 | D:1      | Reached skill level 1 in Bows
  1174 | D:1      | Reached skill level 1 in Crossbows
  1174 | D:1      | Reached skill level 1 in Stealth
  1174 | D:1      | Reached skill level 1 in Shields
  1174 | D:1      | Reached skill level 1 in Unarmed Combat
  1174 | D:1      | Reached skill level 1 in Evocations
  1174 | D:1      | Reached XP level 4. HP: 38/38 MP: 4/11
  1628 | D:2      | Reached skill level 1 in Conjurations
  1628 | D:2      | Reached skill level 1 in Hexes
  1628 | D:2      | Reached skill level 1 in Summonings
  1628 | D:2      | Reached skill level 1 in Necromancy
  1628 | D:2      | Reached skill level 1 in Transmutations
  1628 | D:2      | Reached skill level 1 in Fire Magic
  1628 | D:2      | Reached skill level 1 in Ice Magic
  1628 | D:2      | Reached skill level 1 in Air Magic
  1628 | D:2      | Reached skill level 1 in Earth Magic
  1628 | D:2      | Reached skill level 1 in Poison Magic
  1707 | D:2      | Killed Sigmund
  1708 | D:2      | Reached XP level 5. HP: 30/43 MP: 12/12
  1708 | D:2      | Reached XP level 6. HP: 35/50 MP: 13/13
  1920 | D:2      | Noticed Jessica
  1927 | D:2      | Killed Jessica
  1928 | D:2      | Reached skill level 5 in Fighting
  1928 | D:2      | Reached skill level 5 in Axes
  1928 | D:2      | Reached skill level 5 in Dodging
  2447 | D:3      | Noticed a phantom
  3025 | D:3      | Killed a phantom
  3346 | D:3      | Reached XP level 7. HP: 56/56 MP: 15/15
  4112 | D:3      | HP: 1/56 [orc priest/nerve-wracking pain (9)]
  5217 | D:5      | Entered Level 5 of the Dungeon
  5293 | D:5      | Found a glowing golden altar of the Shining One.
  5414 | D:5      | Reached XP level 8. HP: 61/63 MP: 16/16
  6654 | D:6      | Identified the +1 ring mail of Dishonour {*Corrode rN++
                  | SInv Stlth+} (You found it on level 6 of the Dungeon)
  6692 | D:6      | Got a dazzling plate armour
  7286 | D:7      | Reached XP level 9. HP: 55/69 MP: 18/18
  7463 | D:7      | Found a flagged portal.
  7501 | Bailey   | Entered a bailey
  7778 | Bailey   | Reached skill level 5 in Throwing
  7778 | Bailey   | Reached skill level 5 in Armour
  7986 | Bailey   | HP: 3/70 [orc warrior/+0 battleaxe (21)]
  7987 | Bailey   | Mangled by an orc warrior

Illustrated notes

Levels and vault maps discovered:
D:1:      scummos_arrival_hexagon, layout_rooms
D:2:      layout_rooms, uniq_natasha, uniq_sigmund, uniq_jessica
D:3:      layout_basic, cheibrodos_sewer_entry_drain
D:4:      minmay_skewed_foursquare, layout_loops_ring, corner_web_ring
D:5:      layout_gridville, nicolae_tso_carved_into_rock,
          hangedman_decor_points, serial_bayou_lake_a
D:6:      layout_cave_pools
D:7:      layout_rooms, minmay_temple_entry_enclosed_plants, enter_bailey_4
Bailey:   bailey_axe_4, bailey

Skill      XL: |  1  2  3  4  5  6  7  8  9 |
---------------+----------------------------+-----
Spellcasting   | 5 6 |  6.7
Invocations    | 1 2 3 4 |  4.7
Short Blades   | 1 2 3 4 |  4.3
Long Blades    | 1 2 3 4 |  4.3
Maces & Flails | 1 2 3 4 |  4.3
Polearms       | 1 2 3 4 |  4.3
Staves         | 1 2 3 4 |  4.3
Slings         | 1 2 3 4 |  4.3
Bows           | 1 2 3 4 |  4.3
Crossbows      | 1 2 3 4 |  4.3
Stealth        | 1 2 3 4 |  4.3
Shields        | 1 2 3 4 |  4.3
Unarmed Combat | 1 2 3 4 |  4.3
Evocations     | 1 2 3 4 |  4.3
Conjurations   | 1 2 3 |  3.5
Hexes          | 1 2 3 |  3.5
Summonings     | 1 2 3 |  3.5
Necromancy     | 1 2 3 |  3.5
Transmutations | 1 2 3 |  3.5
Fire Magic     | 1 2 3 |  3.5
Ice Magic      | 1 2 3 |  3.5
Air Magic      | 1 2 3 |  3.5
Earth Magic    | 1 2 3 |  3.5
Poison Magic   | 1 2 3 |  3.5
Throwing       | 3 4 5 |  5.1
Armour         | 3 4 5 |  5.1
Fighting       | 5 6 |  6.3
Axes           | 5 6 |  6.3
Dodging        | 5 6 |  6.3
Translocations | 6 |  6.6

Action                   |  1- 3 |  4- 6 |  7- 9 || total
-------------------------+-------+-------+-------++-------
Melee: Hand axe          |   101 |    99 |       ||   200
       Bite              |     4 |    19 |    42 ||    65
       War axe           |       |    67 |   331 ||   398
       Punch             |       |       |     6 ||     6
Throw: Stone             |     7 |    18 |    15 ||    40
       Boomerang         |     1 |       |       ||     1
       Dart              |       |     2 |    27 ||    29
 Cast: Gell's Gravitas   |     4 |     1 |    33 ||    38
       Blink             |     1 |     3 |     9 ||    13
  Use: Scroll            |     1 |     2 |     3 ||     6
       Potion            |       |     1 |     5 ||     6
 Stab: Sleeping          |       |     2 |     3 ||     5
Armor: Leather armour    |     6 |       |       ||     6
       Ring mail         |    11 |    46 |    80 ||   137
       Skin              |     2 |       |       ||     2
Dodge: Dodged            |    84 |   121 |   363 ||   568
Block: Other             |     9 |    26 |    96 ||   131
       Reflection        |       |     1 |    26 ||    27
